 Dungeon Crawl Stone Soup version 0.27.0-1-g7a089689b8 (webtiles) character file.

Game seed: 15405465765908716801

2 SnakkuSnakku7 the Caller (level 1, -1/15 HPs)
             Began as a Naga Summoner on Aug 11, 2021.
             Slain by a jackal (3 damage)
             ... on level 1 of the Dungeon.
             The game lasted 00:00:16 (63 turns).

SnakkuSnakku7 the Caller (Naga Summoner)              Turns: 63, Time: 00:00:17

Health: -1/15      AC:  1    Str: 10    XL:     1   Next: 40%
Magic:  2/3        EV:  9    Int: 15    God:
Gold:   0          SH:  0    Dex: 11    Spells: 3/4 levels left

rFire    . . .     SeeInvis +   c - +0 whip
rCold    . . .     Faith    .   (no shield)
rNeg     . . .     Spirit   .   a - +0 robe
rPois    +         Reflect  .   (no helmet)
rElec    .         Harm     .   (no cloak)
rCorr    .         Rampage  .   (no gloves)
Will     .....                  (no barding)
Stlth    ++........             (no amulet)
HPRegen  0.05/turn              (no ring)
MPRegen  0.08/turn              (no ring)

@: short of breath, very slow
A: AC +0, large, see invisible, deformed body, poison resistance, slowness 2,
spit poison 1, naga tail 1
a: Spit Poison


You were on level 1 of the Dungeon.
You visited 1 branch of the dungeon, and saw 1 of its levels.

Inventory:

Hand Weapons
 c - a +0 whip (weapon)
Armour
 a - a +0 robe (worn)
Potions
 b - a potion of degeneration {unknown}


   Skills:
 - Level 1.5 Dodging
 - Level 3.0 Stealth
 - Level 2.0 Spellcasting
 + Level 4.1 Summonings


You had 3 spell levels left.
You knew the following spells:

 Your Spells              Type           Power      Damage    Failure   Level
a - Summon Small Mammal   Summ           52%        N/A       4%          1

Your spell library contained the following spells:

 Spells                   Type           Power      Damage    Failure   Level
 Call Imp                 Summ           13%        N/A       6%          2
 Call Canine Familiar     Summ           13%        N/A       12%         3
 Summon Guardian Golem    Hex/Summ       7%         N/A       28%         3
 Summon Lightning Spire   Summ/Air       7%         N/A       67%         4


Dungeon Overview and Level Annotations

Branches:
Dungeon (1/15)

Altars:


Innate Abilities, Weirdness & Mutations

Your serpentine skin is tough. (AC +0)
You have supernaturally acute eyesight. (SInv)
Armour fits poorly on your strangely shaped body.
Your system is resistant to poisons. (rPois)
You cover ground very slowly.
You can spit poison.
You have a snake-like lower body.


Message History

The jackal bites you.
Found 23 stones.
Found an escape hatch in the floor.
You hit the jackal.
The jackal is almost dead.
The jackal misses you. The dart slug launches a dart at you.
The slug dart hits you.
You closely miss the jackal.
The jackal is severely wounded.
The jackal barks! x2
The jackal bites you. The jackal barely misses you. The jackal misses you.
The endoplasm closely misses you.
Unknown command.
You hit the endoplasm but do no damage. The endoplasm closely misses you.
You hit the endoplasm but do no damage. The endoplasm hits you.
You are too injured to fight recklessly!
You are too injured to fight recklessly!
You hit the endoplasm.
The endoplasm is almost dead.
The endoplasm barely misses you.
You hit the endoplasm but do no damage.
The endoplasm is almost dead.
The endoplasm hits you. x2
* * * LOW HITPOINT WARNING * * *
Casting: Summon Small Mammal (safe; 4% risk of failure)
Confirm with . or Enter, or press ? or * to list all spells.
The endoplasm barely misses you.
You hit the endoplasm.
You kill the endoplasm!
The jackal barely misses you.
You barely miss the jackal. The jackal bites you.
* * * LOW HITPOINT WARNING * * *
Your rat bites the jackal.
Unknown command.
Press: ? - help, Shift-Dir - straight line, f - jackal
Aim: a jackal (severely wounded, ally target)
The splash of poison hits the jackal.
The jackal is poisoned.
You kill the jackal!
The jackal bites you.
You die...

.. ####...
########..w....
.......h.hh.#
#...h.#####...
>.(.####h.....# ## ##
# ###.@r###### ..##..
#...###
#.......#####.###
##...##.......######
......######.........
......#.........#####
..............#..#
........##.####.....
......###..# ..##.


You could see a jackal and a friendly rat (summoned).

Vanquished Creatures
  An endoplasm (D:1)
  A jackal (D:1)
  A kobold (D:1)
3 creatures vanquished.

Notes
Turn   | Place    | Note
-------+----------+-------------------------------------------
     0 | D:1      | SnakkuSnakku7 the Naga Summoner began the quest for the
                  | Orb.
     0 | D:1      | Reached XP level 1. HP: 15/15 MP: 3/3
    63 | D:1      | Slain by a jackal

Illustrated notes

Levels and vault maps discovered:
D:1:      grunt_arrival_crossed_arrows, layout_rooms

Action                   || total
-------------------------++-------
Melee: Whip              ||     8
 Cast: Summon Small Mamm ||     1
 Abil: Spit Poison       ||     2
Armor: Robe              ||     1
Dodge: Dodged            ||     8
